 Dungeon Crawl Stone Soup version 0.25-a0-110-ge29c8f2358 (webtiles) character file.

Game seed: 8998645321487598707, levelgen mode: deterministic

39 vurker the Skirmisher (level 3, -5/30 HPs)
             Began as a Formicid Abyssal Knight on Nov 19, 2019.
             Was a Follower of Lugonu.
             Slain by Sigmund
             ... wielding a +5 scythe of distortion
              (10 damage)
             ... on level 2 of the Dungeon.
             The game lasted 00:01:24 (1475 turns).

vurker the Skirmisher (Formicid Abyssal Knight)     Turns: 1475, Time: 00:01:24

Health: -5/30      AC: 10    Str: 17    XL:     3   Next: 67%
Magic:  5/5        EV:  5    Int: 11    God:    Lugonu [*.....]
Gold:   63         SH:  0    Dex: 10    Spells: 2/2 levels left

rFire    . . .     SeeInvis +   a - +1 hand axe
rCold    + . .     Gourm    .   (no shield)
rNeg     . . .     Faith    .   l - +0 plate armour
rPois    .         Spirit   .   (helmet unavailable)
rElec    .         Reflect  .   (no cloak)
rCorr    .         Harm     .   (no gloves)
MR       .....                  (no boots)
Stlth    ..........             (no amulet)
HPRegen  0.10/turn              g - ring of protection from cold
MPRegen  0.09/turn              (no ring)

@: no status effects
A: permanent stasis, dig shafts and tunnels, four strong arms, antennae 3
a: Dig, Shaft Self, Depart the Abyss, Renounce Religion


You were on level 2 of the Dungeon.
You worshipped Lugonu.
Lugonu was aware of your devotion.
You were not hungry.

You visited 1 branch of the dungeon, and saw 2 of its levels.
You visited the Abyss 1 time.

You collected 63 gold pieces.

Inventory:

Hand Weapons
 a - a +1 hand axe (weapon)
Armour
 l - a +0 plate armour (worn)
   (You found it on level 1 of the Dungeon)
Jewellery
 g - a ring of protection from cold (left hand)
   (You found it on level 1 of the Dungeon)
Scrolls
 c - a scroll of magic mapping {unknown}
 d - a scroll of blinking {unknown}
 i - a scroll of identify {unknown}
 j - a scroll of fear {unknown}
 k - a scroll of remove curse {unknown}
 m - a scroll of enchant weapon {unknown}
Potions
 f - a potion of agility {unknown}
 h - a potion of heal wounds {unknown}
Comestibles
 b - a chunk of flesh
 e - 5 rations


   Skills:
 + Level 3.7 Fighting
 * Level 3.0 Axes
 - Level 2.1 Armour
 - Level 0.8 Dodging
 + Level 2.9 Invocations


You had 2 spell levels left.
You didn't know any spells.
Your spell library was empty.

Dungeon Overview and Level Annotations

Branches:
Dungeon (2/15)

Altars:

Annotations:
D:2 Sigmund


Innate Abilities, Weirdness & Mutations

You cannot be hasted, slowed, berserked, paralysed or teleported.
You can dig through walls and to a lower floor.
Your four strong arms can wield two-handed weapons with a shield.
You have a pair of large antennae on your head. (SInv)


Message History

You kill the hobgoblin!
Lugonu accepts your kill.
Your Axes skill increases to level 3!
A rat comes into view.
A rat is nearby!
The rat bites you but does no damage.
You slash the rat!
You kill the rat!
Lugonu accepts your kill.
No target in view!
Eating a chunk of flesh.
You eat the chunk of flesh.
You butcher the rat corpse.
b - a chunk of flesh You see here a rat skeleton. x2
Found a scroll labeled DAASHR XANLIEPN.
Found 16 sling bullets.
m - a scroll labeled DAASHR XANLIEPN
Found a helmet and a ring mail.
You sense a monster nearby.
You see here 22 stones.
You sense a monster nearby.
You sense a monster nearby.
An adder and a hobgoblin come into view.
The hobgoblin shouts!
The hobgoblin hits you but does no damage.
You closely miss the hobgoblin. The hobgoblin barely misses you.
You closely miss the hobgoblin.
The hobgoblin hits you but does no damage.
Sigmund the Dreaded comes into view.
He is wielding a +5 scythe of distortion.
The hobgoblin hits you but does no damage.
Sigmund shouts!
You hit the hobgoblin.
You kill the hobgoblin!
Lugonu accepts your kill. Sigmund casts a spell at you.
The magic dart hits you but does no damage.
The adder bites you but does no damage.
You closely miss the adder. The adder bites you.
You slash the adder! The adder bites you but does no damage.
The adder bites you.
You completely miss the adder. The adder bites you.
You barely miss the adder. The adder bites you.
Sigmund hits you from afar with a +5 scythe of distortion.
Space bends around you. The adder barely misses you.
You hit Sigmund. You closely miss the adder.
Sigmund hits you with a +5 scythe of distortion!
* * * LOW HITPOINT WARNING * * *
Space warps horribly around you!
You die...

......###.##....#
...##.....###{#.#
...##.(.......#.#
...##.###.#######
.#.##.###.###
.#..#.......#
###.#.#####.###
#...# ###...#####
####..# #......@@.#
...#..# #.##..###S#
.....># #. #..# #)#
...##.###...... #.#
#........###..#.#..
#.###....[ #....#.#
#.###.#....#..# #.#
............... ..#
........#.. ###


You could see Sigmund and an adder.

Vanquished Creatures
  An adder (D:2)
  A worm (D:2)
  2 leopard geckos (D:2)
  A giant cockroach (D:1)
  3 goblins
  7 hobgoblins
  2 bats (D:2)
  2 kobolds
  3 rats
22 creatures vanquished.

Notes
Turn   | Place    | Note
-------+----------+-------------------------------------------
     0 | Abyss:1  | vurker the Formicid Abyssal Knight began the quest for the
                  | Orb.
     0 | Abyss:1  | Reached XP level 1. HP: 18/18 MP: 2/2
     7 | D:1      | Escaped the Abyss
   338 | D:1      | Reached XP level 2. HP: 24/24 MP: 3/3
   844 | D:2      | Reached XP level 3. HP: 22/29 MP: 3/5
  1468 | D:2      | Noticed Sigmund
  1475 | D:2      | Slain by Sigmund

Levels and vault maps discovered:
D:1:      psy_arrival_conway, layout_rooms, minmay_misc_feat_ornament
D:2:      layout_basic, lemuel_zombie_altar_yredelemnul, uniq_natasha,
          uniq_sigmund, uniq_robin

Skill      XL: |  1  2  3 |
---------------+----------+-----
Axes           | 3 |  3.0
Fighting       | |  3.7
Armour         | |  2.1
Dodging        | |  0.8
Invocations    | |  2.9

Action                   || total
-------------------------++-------
Melee: Hand axe          ||    95
  Eat: Chunk             ||     2
Armor: Leather armour    ||     1
       Plate armour      ||    68
Dodge: Dodged            ||    30

Table legend:
 A = Non-vault XP
 B = Vault XP
 C = Vault XP percentage of total XP
 D = Non-vault monster count
 E = Vault monster count
 F = Vault count percentage of total count
                 A         B        C        D         E       F
            +---------+---------+-------+---------+---------+-------
      Total |      56 |       0 |   0.0 |      22 |       0 |   0.0
            +---------+---------+-------+---------+---------+-------
        D:1 |      15 |       0 |   0.0 |       9 |       0 |   0.0
        D:2 |      41 |       0 |   0.0 |      13 |       0 |   0.0
            +---------+---------+-------+---------+---------+-------
